Cogmind - Beta 14 @@@ ROGUE MODE // 2024.08.07 @ 23:32:21 Player: celerysam Result: Destroyed by P-60 Hacker with Shock Rifle Performance ------------- Evolutions (3) 1500 Regions Visited (4) 800 Robots Destroyed (17) 85 Value Destroyed (476) 476 Prototype IDs (3) 60 Alien Tech Used (0) 0 Bonus (200) 200 TOTAL SCORE: 3121 Bonus ------- Pacifist 200 Cogmind --------- Core Integrity 0/700 Matter 6/300 Energy 99/100 System Corruption 9% Temperature Cool (0) Movement Core (150) Ox2 Location -7/Factory Parts ------- > --- POWER (2) -------- (None) > --- PROPULSION (6) --- (None) > --- UTILITY (3) ------ Small Storage Unit > --- WEAPON (2) ------- Mini Assault Cannon > --- INVENTORY (8) ---- Carbon-fiber Leg Improved Cooling System Advanced Weight Redist. System Advanced Visual Processing Unit Minigun Shock Bomb Launcher Rocket Launcher Great Axe Peak State ------------ > --- POWER ------------ Deuterium Engine Deuterium Engine > --- PROPULSION ------- Aluminum Leg Aluminum Leg Aluminum Leg Carbon-fiber Leg > --- UTILITY ---------- Small Storage Unit Structural Scanner Targeting Computer > --- WEAPON ----------- Heavy EM Shotgun Pulse Rifle > --- INVENTORY -------- Improved Treads Improved Flight Unit Advanced Weight Redist. System Advanced Visual Processing Unit EM Pulse Gun Minigun Shock Bomb Launcher Rocket Launcher [Rating: 24] Favorites ----------- Power Deuterium Engine Engine Deuterium Engine Propulsion Aluminum Leg Treads Improved Treads Leg Aluminum Leg Wheel Wheel Flight Unit Improved Flight Unit Utility Small Storage Unit Device Structural Scanner Storage Small Storage Unit Processor Targeting Computer Weapon Assault Rifle Energy Gun Pulse Rifle Energy Cannon Particle Cannon Ballistic Gun Assault Rifle Ballistic Cannon Mini Assault Cannon Launcher Grenade Launcher Build | -11 -10 -9 -8 -7 ------- Run | Yrd Mat Mat Mat Fac Slots Evolved 6 | . . 2 2 2 Power 1 | . . . 1 . Propulsion 4 | . . 2 . 2 Utility 1 | . . . 1 . Weapon . | . . . . . Parts Attached 30 | 6 2 8 11 3 Power 5 | 1 . 1 3 . Engine 5 | 1 . 1 3 . Core . | . . . . . Reactor . | . . . . . Propulsion 10 | 2 . 5 2 1 Treads 2 | . . 1 1 . Leg 4 | . . 3 1 . Wheel 2 | 2 . . . . Hover . | . . . . . Flight 2 | . . 1 . 1 Utility 3 | 1 1 . 1 . Device 1 | . . . 1 . Storage 1 | 1 . . . . Processor 1 | . 1 . . . Hackware . | . . . . . Protection . | . . . . . Artifact . | . . . . . Weapon 12 | 2 1 2 5 2 Energy Gun 5 | 2 . . 2 1 Energy Cannon 2 | . . 1 1 . Ballistic Gun 1 | . 1 . . . Ballistic Cannon 2 | . . . 1 1 Launcher 2 | . . 1 1 . Special Weapon . | . . . . . Impact Weapon . | . . . . . Slashing Weapon . | . . . . . Piercing Weapon . | . . . . . Special Melee Weapon . | . . . . . Unidentified Prototypes 3 | . . 1 1 1 Parts Lost 14 | . . . 8 6 Power 3 | . . . 2 1 Propulsion 6 | . . . 4 2 Utility 2 | . . . . 2 Weapon 3 | . . . 2 1 Highest Loss Streak 6 | . . . 6 6 To Critical Strikes . | . . . . . Average Slot Usage (%) 72 | . 97 99 88 42 Engine 9 | . 14 11 14 4 Treads 4 | . . 6 2 4 Leg 15 | . . 32 30 . Wheel 3 | . 28 4 . . Device 4 | . . . 6 5 Storage 9 | . 14 11 9 7 Processor 8 | . 11 11 9 5 Energy Gun 5 | . 16 . 5 6 Energy Cannon 2 | . . 8 2 . Ballistic Gun 3 | . 11 11 1 . Ballistic Cannon 2 | . . . 3 4 Launcher 1 | . . 2 3 . Peak Build Rating 24 | 6 7 12 24 18 Average Rating 12 | 4 6 10 16 14 On Entrance 7 | . 6 7 11 12 Naked Turns . | . . . . . Heaviest Build 33 | 14 14 18 33 22 Greatest Support 45 | 20 20 30 45 23 Greatest Overweight (x) 3 | 1 . . 3 3 Average Overweight (x) . | . . . . . Largest Inventory Capacity 8 | 8 8 8 8 8 Average Capacity 7 | 6 8 8 8 8 Most Carried 8 | 6 8 8 8 8 Average Carried 7 | 3 7 7 7 7 Final Capacity 8 | 8 8 8 8 8 Final Carried 8 | 6 8 8 7 8 Class Distribution -------------------- 100% | Mutant Dominant Class ---------------- Mutant | -10/Materials Mutant | -9/Materials Mutant | -8/Materials Mutant | -7/Factory Resources | -11 -10 -9 -8 -7 ----------- Run | Yrd Mat Mat Mat Fac Matter Collected 375 | 204 . 98 64 9 Remotely . | . . . . . Salvage Created 376 | . . 180 196 . Parts 28 | . . 17 11 . Haulers Intercepted . | . . . . . Recyclers Shooed 1 | . . . 1 . Parts Field Recycled . | . . . . . Retrieved Matter . | . . . . . Parts Self-Destructed . | . . . . . Prevented . | . . . . . Kills | -11 -10 -9 -8 -7 ------- Run | Yrd Mat Mat Mat Fac Combat Hostiles Destroyed 17 | . . 8 9 . Guns 3 | . . 1 2 . Cannons 3 | . . 2 1 . AOE 11 | . . 5 6 . Classes Destroyed 3 | . . 3 . . Swarmer 8 | . . 4 4 . Grunt 7 | . . 3 4 . Sentry 2 | . . 1 1 . Best Kill Streak 5 | . . 5 4 . Combat Bots Only 5 | . . 5 4 . Max Kills in Single Turn 3 | . . 3 2 . Gunslinging . | . . . . . Exploded 3 | . . 3 2 . Melee . | . . . . . Uniques/NPCs Destroyed . | . . . . . Combat | -11 -10 -9 -8 -7 -------- Run | Yrd Mat Mat Mat Fac Hostile Shots Fired 275 | . 5 44 82 144 Missed 92 | . 2 14 28 48 Damage Taken 2484 | . 33 358 874 1219 Core 903 | . . 61 141 701 Absorbed by Shields . | . . . . . Core Remaining (%) 89 | 100 100 84 74 . Volleys Fired 51 | . 1 20 23 7 Largest 2 | . 2 2 2 1 Hottest 113 | . 70 88 113 48 Shots Fired 74 | . 2 28 37 7 Gun 42 | . 2 20 20 . Cannon 24 | . . 6 11 7 Launcher 8 | . . 2 6 . Special . | . . . . . Kinetic 42 | . 1 20 14 7 Thermal 19 | . 1 6 12 . Explosive 8 | . . 2 6 . Electromagnetic 5 | . . . 5 . Robot Hit Streak 12 | . . 6 12 2 Robot Miss Streak 4 | . 2 3 4 2 Penetration Max . | . . . . . Secondary Targets . | . . . . . Shots Hit Robots 38 | . . 15 20 3 Core Hits 33 | . . 12 20 1 Critical Kills . | . . . . . Critical Parts Destroyed . | . . . . . Critical Strikes 1 | . . . . 1 Blast 1 | . . . . 1 Melee Attacks . | . . . . . Impact . | . . . . . Slashing . | . . . . . Piercing . | . . . . . Sneak Attacks . | . . . . . Combat Hostiles . | . . . . . Follow-up Attacks . | . . . . . Damage Inflicted 1465 | . . 496 913 56 Guns 452 | . . 137 315 . Cannons 227 | . . 62 110 55 Explosions 775 | . . 297 478 . Melee . | . . . . . Ramming 11 | . . . 10 1 Kinetic 327 | . . 137 135 55 Thermal 308 | . . 62 246 . Explosive 714 | . . 297 417 . Electromagnetic 105 | . . . 105 . Impact . | . . . . . Slashing . | . . . . . Piercing . | . . . . . Highest Corruption 9 | . . . . 9 Average Corruption 3 | . . . . 3 Corruption Purged . | . . . . . Corruption Blocked . | . . . . . Effects 3 | . . . . 3 Matter Fused 1 | . . . . 1 Energy Discharges 2 | . . . . 2 Overload Shots . | . . . . . Overflow Damage 15 | . . 15 . . Projectiles . | . . . . . Explosions 15 | . . 15 . . Melee . | . . . . . Knockbacks 1 | . . . . 1 Impact . | . . . . . Kinetic 1 | . . . . 1 Secondary . | . . . . . Self-Inflicted Damage 40 | . . . 40 . Shots 1 | . . . 1 . Rammed 1 | . . . . 1 Targets Rammed 2 | . . . 1 1 Kicked 1 | . . . 1 . Crushed . | . . . . . Highest Temperature 336 | . 15 90 336 . Average Temperature 92 | . 7 34 114 . Received Heat Transfer 615 | . 18 147 450 . Effects 1 | . . . 1 . Damage (minor) 1 | . . . 1 . Siege Activations . | . . . . . Robots Corrupted . | . . . . . Combat Hostiles . | . . . . . Parts Fried . | . . . . . Impact Corruptions . | . . . . . Robots Melted . | . . . . . Combat Hostiles . | . . . . . Parts Melted . | . . . . . Heat Transferred 618 | . . 111 507 . Parts Sabotaged . | . . . . . Parts Stolen . | . . . . . Parts Stripped . | . . . . . Power Chain Reactions 1 | . . . 1 . Alert | -11 -10 -9 -8 -7 ------- Run | Yrd Mat Mat Mat Fac Peak Influence 359 | . . 236 359 189 Initial 144 | . . . 99 144 Average 125 | . . 63 254 122 Maximum Alert Level 1 | . . 1 1 . Low Security (%) 79 | 100 100 83 29 100 Level 1 20 | . . 16 70 . Level 2 . | . . . . . Level 3 . | . . . . . Level 4 . | . . . . . Level 5 . | . . . . . High Security . | . . . . . Max Security . | . . . . . Squads Dispatched 3 | . . . 1 2 Investigation . | . . . . . Extermination 1 | . . . . 1 Reinforcement 2 | . . . 1 1 Assault . | . . . . . Garrison . | . . . . . Intercept . | . . . . . Searches Triggered . | . . . . . Construction Impeded . | . . . . . Haulers Reinforced . | . . . . . Active Scanning Responses . | . . . . . Cargo Convoy Interrupts . | . . . . . Stealth | -11 -10 -9 -8 -7 --------- Run | Yrd Mat Mat Mat Fac Distress Signals 1 | . . 1 . . Communications Jammed . | . . . . . Distress Signals . | . . . . . Times Spotted 30 | . 1 10 14 5 Peak Tracking Total 6 | . 1 6 4 4 Tactical Retreats 1 | . . . 1 . Traps | -11 -10 -9 -8 -7 ------- Run | Yrd Mat Mat Mat Fac Traps Triggered . | . . . . . Indirectly . | . . . . . Trap Hack Attempts . | . . . . . Triggered . | . . . . . Disarmed . | . . . . . Reprogrammed . | . . . . . Reused . | . . . . . Traps Extracted . | . . . . . Installed . | . . . . . Triggered . | . . . . . Machines | -11 -10 -9 -8 -7 ---------- Run | Yrd Mat Mat Mat Fac Machines Disabled . | . . . . . Max in Single Turn . | . . . . . Machines Repaired . | . . . . . Machines Dismantled . | . . . . . Machines Sabotaged . | . . . . . Overloaded Fab Kills . | . . . . . Hacking | -11 -10 -9 -8 -7 --------- Run | Yrd Mat Mat Mat Fac Machines Accessed 2 | . . . 2 . Terminals 1 | . . . 1 . Fabricators . | . . . . . Repair Stations . | . . . . . Recycling Units . | . . . . . Scanalyzers . | . . . . . Garrison Access 1 | . . . 1 . Total Hacks 5 | . . . 5 . Successful 3 | . . . 3 . Failed 2 | . . . 2 . Catastrophic . | . . . . . Database Lockouts . | . . . . . Manual 1 | . . . 1 . Terminals 3 | . . . 3 . Fabricators . | . . . . . Repair Stations . | . . . . . Recycling Units . | . . . . . Scanalyzers . | . . . . . Garrison Access 2 | . . . 2 . Terminal Hacks 3 | . . . 3 . Record 2 | . . . 2 . Alert Level 1 | . . . 1 . Fabricator Hacks . | . . . . . Repair Station Hacks . | . . . . . Recycling Unit Hacks . | . . . . . Scanalyzer . | . . . . . Garrison Access Hacks . | . . . . . Unauthorized Hacks . | . . . . . Terminals . | . . . . . Fabricators . | . . . . . Repair Stations . | . . . . . Recycling Units . | . . . . . Scanalyzers . | . . . . . Garrison Access . | . . . . . Data Cores Recovered . | . . . . . Used . | . . . . . Hacking Detections 1 | . . . 1 . Full Trace Events 1 | . . . 1 . Feedback Events . | . . . . . Feedback Blocked . | . . . . . Robot Schematics Acquired . | . . . . . Robots Built . | . . . . . Authchips . | . . . . . Time . | . . . . . Total Robot Build Rating . | . . . . . Part Schematics Acquired . | . . . . . Parts Built . | . . . . . Authchips . | . . . . . Time . | . . . . . Total Part Build Rating . | . . . . . Parts Repaired . | . . . . . Time . | . . . . . Parts Recycled . | . . . . . Recycled Matter . | . . . . . Retrieved Matter . | . . . . . Retrieved Components . | . . . . . Parts Scanalyzed . | . . . . . Part Schematics Acquired . | . . . . . Parts Damaged . | . . . . . Bothacking | -11 -10 -9 -8 -7 ------------ Run | Yrd Mat Mat Mat Fac Used RIF Installer . | . . . . . Robots Hacked . | . . . . . Non-combat . | . . . . . Combat . | . . . . . Robot Hacks Applied . | . . . . . Relay Couplers Released . | . . . . . Fabnet Peak Effective % . | . . . . . Robots Rewired . | . . . . . Allies Hacked . | . . . . . Hacks Repelled . | . . . . . Allies | -11 -10 -9 -8 -7 -------- Run | Yrd Mat Mat Mat Fac Total Allies . | . . . . . Largest Group . | . . . . . Highest-Rated Group . | . . . . . Highest-Rated Ally . | . . . . . Total Orders . | . . . . . Ally Attacks . | . . . . . Total Damage . | . . . . . Kills . | . . . . . Allies Corrupted . | . . . . . Allies Melted . | . . . . . Intel | -11 -10 -9 -8 -7 ------- Run | Yrd Mat Mat Mat Fac Robot Analysis Total . | . . . . . Derelict Logs Recovered . | . . . . . Drone Launches . | . . . . . Drone Recoveries . | . . . . . Exploration | -11 -10 -9 -8 -7 ------------- Run | Yrd Mat Mat Mat Fac Turns Passed 1328 | 57 103 315 317 536 Spaces Moved 874 | 49 116 210 180 319 Core 98 | 12 . . . 86 Treads 222 | . . . 11 211 Legs 372 | . . 203 169 . Wheels 160 | 37 116 7 . . Hover . | . . . . . Flight 22 | . . . . 22 Fastest Speed 50 | 50 80 80 120 110 Average Speed 126 | 79 80 118 127 155 Slowest Speed 330 | 100 80 120 330 200 Overloaded Moves . | . . . . . Propulsion Burnouts . | . . . . . Robots Hopped . | . . . . . Cave-ins Triggered . | . . . . . Exploration Rate (%) 21 | 5 39 28 25 8 Regions Visited 4 Branch Regions . Pre-discovered Areas . | . . . . . Known Exits Taken . | . . . . . Unknown Exits Taken 4 | 1 1 1 1 . Scrap Searched . | . . . . . Spaces Dug . | . . . . . Terrain Destroyed 54 | . . 15 37 2 Melee . | . . . . . Projectile 2 | . . . . 2 AOE 52 | . . 15 37 . Terrain Rammed . | . . . . . Walls Destroyed . | . . . . . Machines Disabled . | . . . . . Actions | -11 -10 -9 -8 -7 --------- Run | Yrd Mat Mat Mat Fac Total 1019 | 66 123 247 232 351 Wait 23 | . . 3 4 16 Move 870 | 48 115 209 179 319 Hop . | . . . . . Pick Up 29 | 12 4 3 7 3 Fast Attach 7 | . . 2 3 2 Attach 14 | 6 1 1 5 1 Detach . | . . . . . Swap 9 | . 1 5 3 . Drop 14 | . 1 4 7 2 Fire 51 | . 1 20 23 7 Melee . | . . . . . Ram 1 | . . . . 1 Kick 1 | . . . 1 . Crush . | . . . . . Escape Stasis . | . . . . . Rewire . | . . . . . Trap . | . . . . . Miscellaneous . | . . . . . Route ------- -11/Scrapyard -10/Materials -9/Materials (discovered 2 exits: *Mat / [*Min]) -8/Materials -7/Factory History --------- Turn | Location | Event 36 | -11/Scrapyard | Discovered new exit (range 15) 58 | -11/Scrapyard | Entered Materials 149 | -10/Materials | Discovered new exit (range 14) 161 | -10/Materials | Entered another Materials area 161 | -9/Materials | Evolved 2 slots: Propulsion x2 242 | -9/Materials | Discovered new exit (range 7) 322 | -9/Materials | Build established: Mutant 433 | -9/Materials | Discovered new exit (range 16) 476 | -9/Materials | Entered another Materials area 476 | -8/Materials | Evolved 2 slots: Power x1, Utility x1 765 | -8/Materials | Discovered new exit (range 13) 793 | -8/Materials | Entered Factory 793 | -7/Factory | Evolved 2 slots: Propulsion x2 817 | -7/Factory | Lost 6 parts (1p4n1w) 1253 | -7/Factory | Core integrity fell below 50% 1264 | -7/Factory | Lost 6 parts (1p2n2u1w) 1299 | -7/Factory | Core integrity fell below 20% 1329 | -7/Factory | Destroyed by P-60 Hacker with Shock Rifle Last Messages --------------- 01189_ Imp. Flight Unit destroyed. 01192_ Slug penetrates Wall. 01206_ Penetrated by Slug. 01210_ Slug penetrates Power Conduit. 01213_ Slammed into P-60 Hacker. 01219_ Structural Scanner destroyed. 01229_ Slug penetrates Wall. 01233_ Penetrated by Slug. 01233_ Targeting Computer destroyed. 01237_ System corrupted: Matter fused (-8). 01239_ Penetrated by Slug. 01250_ Slug penetrates Wall. 01261_ Door malfunctions. 01264_ System corrupted: Energy discharge (-32). 01265_ Slug penetrates Wall. 01285_ U-05 Engineer repairs door. 01289_ Slug penetrates Wall. 01291_ Penetrated by Slug. 01306_ Slug penetrates Wall. 01313_ System corrupted: Energy discharge (-31). Map ----- +----------------------------------------------------+ | ?????????????????????????????????????????????????? | | ## ???????????????????????????????????????? | | ##+###+## ???????????????????????????????????????? | | ^ # ???????????????????????????????????????? | | # ???????????????????????????????????????? | | + ???????????????????????????????????????? | | ##### # ???????????????????????????????????????? | | ## ? ##???????????????????????????????????????? | | ?????????????????????????????????????????????????? | | ?????????????????????????????????????????????????? | | ????????????????????????? ???????????????????????? | | ????????????????????????? ???????????????????????? | | ????????????????????????? ???????????????????????? | | ?????# ?????????????????? ???????????????????????? | | ?????# ?????????????????? ???????????????????????? | | ?????# ####?????????????? ???????????????????????? | | ?????# #????????????? ???????????????????????? | | ????## #????????????# #??????????????????????? | | ????? +????????????# #??????????????????????? | | ?????# #????????????# #??????????????????????? | | ?????# #????????????# #??????????????????????? | | ?????# #????????????# #??????????????????????? | | ?????# #????????????# #??????????????????????? | | ?????# #????????????# #????????# #?????????? | | ?????# ############## ### #?????????? | | ?????# h p @ ????????? | | ###### ########+##### ### #?????????? | | !! # #?????? ???# #????????#+#???????????? | | ! # #??????"""???# #??????????????????????? | | # #????? """ ??# #??????????????????????? | | ] # #????? """ ??#+#??????????????????????? | | # #???? #??????????????????????????? | | "" # #???? """ #??????????????????????????? | | "" # #??? """ #??????????????????????????? | | "" # #??? ?????#??????????????????????????? | | # #??" ????????????????????????????????? | | +##### #??" ?????????????????????????????????? | | #?????????????????????????????????????? | | #?????????????????????????????????????? | | #?????????????????????????????????????? | | #?????????????????????????????????????? | | #?????????????????????????????????????? | | ###### #?????????????????????????????????????? | | ?????# #?????????????????????????????????????? | | ?????# ????????????????????????????????????? | | ?????# ???????????????????????????????????? | | #????# ??????????????????????????????????? | | #????? ?????????????????????????????????? | | #????? ?????????????????????????????????? | | #?????########+??????????????????????????????????? | +----------------------------------------------------+ Best States ------------- Heat Dissipation 34 Energy Generation 23 Energy Capacity 450 Matter Stores 244 Matter Capacity 300 Sight Range 16 Terrain Scan Density 10 Evasion (%) 55 Targeting Accuracy 5 Recoil Reduction 1 Item Schematics ----------------- None Robot Schematics ------------------ None Fabricated ------------ Nothing Alien Tech Used ----------------- None Achievements -------------- None Challenges ------------ None Game ------ Seed MagneticClaymoresHammer Manual? 0 Play Time 00:19:38 Cumulative 117.5 hours Start 2024.08.07 @ 23:12:04 End 2024.08.07 @ 23:32:21 Sessions 1 Manual Loads 0 Difficulty Rogue Special Mode None Game No. 165 Rogue 165 Adventurer 0 Explorer 0 Win Type - Total 0 Types 0/0/0/0/0/0/0/0/0 Lore% 30 Gallery% 55 Achievement% 38 Wizard Run 0 Options --------- Layout 0 ASCII 0 Keyboard 0 Movement Mouse Keybinds 0 Fullscreen 1 Font 24/Smallcaps Map View 76x50 Zoom Use 0% Tactical HUD 1 Map Filters NONE Filters NONE Steam 1 RUN: 1baa9bfa-abf6-4fa7-bbad-764eb7429a0d